 Dungeon Crawl Stone Soup version 0.23-a0-373-g305c090 (webtiles) character file.

665 Gorice the Thaumaturge (level 7, -3/51 HPs)
             Began as a Gnoll Wanderer on Oct 25, 2018.
             Slain by a troll (4 damage)
             ... on level 4 of the Dungeon.
             The game lasted 00:19:02 (4480 turns).

Gorice the Thaumaturge (Gnoll Wanderer)             Turns: 4480, Time: 00:19:02

Health: -3/51      AC:  8    Str: 14    XL:     7   Next: 57%
Magic:  6/20       EV: 13    Int: 16    God:
Gold:   210        SH:  0    Dex: 15    Spells: 21/25 levels left

rFire    . . .     SeeInvis .   a - +0 whip (drain)
rCold    . . .     Gourm    .   (no shield)
rNeg     . . .     Faith    .   w - +2 robe
rPois    .         Spirit   .   (no helmet)
rElec    .         Reflect  .   (no cloak)
rCorr    .         Harm     .   (no gloves)
MR       .....     Rnd*Tele +   (no boots)
Stlth    ++........             (no amulet)
HPRegen  0.17/turn              z - ring of teleportation (curse)
MPRegen  0.17/turn              r - +4 ring of protection

@: very slightly contaminated
A: distributed training, fangs 1, strong nose
a: no special abilities


You were on level 4 of the Dungeon.
You were not hungry.

You visited 1 branch of the dungeon, and saw 4 of its levels.
You also visited: Sewer.

You collected 210 gold pieces.

Inventory:

Hand Weapons
 a - a +0 whip of draining (weapon)
   (You took it off a kobold on level 1 of the Dungeon)
 e - a +0 dagger
 i - a +0 flail
 j - a +0 short sword
 l - a +0 hand axe
 t - a +0 long sword
 u - a +0 falchion
 A - a +2 short sword of flaming
   (You took it off a kobold on level 3 of the Dungeon)
Missiles
 g - 75 bolts
 m - 30 sling bullets
 Y - 151 stones (quivered)
 Z - 2 throwing nets {!f}
Armour
 d - a +0 robe
 p - a +0 ring mail
 v - a +0 scale mail
 w - a +2 robe (worn)
 y - a +0 chain mail
Jewellery
 h - an uncursed ring of stealth
 q - an uncursed ring of protection from cold
 r - a +4 ring of protection (right hand)
 z - a cursed ring of teleportation (left hand)
Wands
 s - a wand of clouds (6)
 x - a wand of disintegration (4)
Scrolls
 c - 2 scrolls of teleportation {!r}
Potions
 b - a potion of lignification {!q}
 k - 2 potions of haste {!q}
 n - a potion of resistance {unknown}
Comestibles
 f - 8 rations
 o - 3 chunks of flesh


   Skills:
 + Level 2.5 Fighting
 + Level 2.5 Short Blades
 + Level 2.5 Long Blades
 + Level 2.5 Axes
 + Level 2.5 Maces & Flails
 + Level 2.5 Polearms
 + Level 2.5 Staves
 + Level 2.5 Slings
 + Level 2.5 Bows
 + Level 2.5 Crossbows
 + Level 2.5 Throwing
 + Level 2.5 Armour
 + Level 2.5 Dodging
 + Level 3.5 Stealth
 + Level 3.6 Shields
 + Level 2.5 Unarmed Combat
 + Level 9.6 Spellcasting
 + Level 2.0 Conjurations
 + Level 2.0 Hexes
 + Level 2.0 Charms
 + Level 3.0 Summonings
 + Level 2.0 Necromancy
 + Level 2.0 Translocations
 + Level 2.0 Transmutations
 + Level 3.0 Fire Magic
 + Level 2.0 Ice Magic
 + Level 2.0 Air Magic
 + Level 2.0 Earth Magic
 + Level 4.3 Poison Magic
 + Level 2.8 Invocations
 + Level 2.5 Evocations


You had 21 spell levels left.
You knew the following spells:

 Your Spells              Type           Power        Failure   Level  Hunger
a - Freeze                Ice            ##..         4%          1    None
b - Magic Dart            Conj           ##..         4%          1    None
J - Blink                 Tloc           N/A          6%          2    None

Your spell library contained the following spells:

 Spells                   Type           Power        Failure   Level  Hunger
 Sting                    Conj/Pois      ###.         2%          1    None
 Poisonous Vapours        Pois/Air       ###...       3%          2    None
 Call Imp                 Summ           ###.....     4%          2    None
 Slow                     Hex            ##......     6%          2    None
 Mephitic Cloud           Conj/Pois/Air  ###.....     9%          3    None
 Conjure Flame            Conj/Fire      ###.....     10%         3    None
 Ozocubu's Armour         Chrm/Ice       ##......     12%         3    None
 Olgreb's Toxic Radiance  Pois           ###.....     16%         4    ###....
 Venom Bolt               Conj/Pois      ###.......   56%         5    #####..


Dungeon Overview and Level Annotations

Branches:
Dungeon (4/15)
 Temple: D:4-7

Altars:
Ashenzari
Elyvilon
Nemelex Xobeh
Wu Jian


Innate Abilities, Weirdness & Mutations

Your experience applies equally to all skills.
You have very sharp teeth.
Your uncanny sense of smell can sniff out nearby items.


Message History

* * * LOW HITPOINT WARNING * * *
The troll claws you.
* * * LOW HITPOINT WARNING * * *
Damage: 11 (max 11)
Casting: Freeze (safe; 4% risk of failure)
Confirm with . or Enter, or press ? or * to list all spells.
Aiming: Freeze (safe; 4% risk of failure)
Press: ? - help, Shift-Dir - straight line, f/p - troll
Aim: a troll (severely wounded)
You freeze the troll.
The troll is severely wounded.
The troll bites you!
* * * LOW HITPOINT WARNING * * *
The troll barely misses you. x2
Damage: 14 (max 14) Unknown command.
Unknown command.
Casting: Freeze (safe; 4% risk of failure)
Confirm with . or Enter, or press ? or * to list all spells.
Aiming: Freeze (safe; 4% risk of failure)
Press: ? - help, Shift-Dir - straight line, f/p - troll
Aim: a troll (severely wounded)
You freeze the troll.
The troll is severely wounded.
The troll bites you but does no damage. The troll closely misses you.
The troll claws you.
* * * LOW HITPOINT WARNING * * *
Damage: 1 (max 14) Unknown command.
Casting: Freeze (safe; 4% risk of failure)
Confirm with . or Enter, or press ? or * to list all spells.
Aiming: Freeze (safe; 4% risk of failure)
Press: ? - help, Shift-Dir - straight line, f/p - troll
Aim: a troll (severely wounded)
You freeze the troll.
The troll is almost dead.
The troll barely misses you. The troll claws you.
* * * LOW HITPOINT WARNING * * *
The troll misses you.
Damage: 3 (max 14) Unknown command.
Casting: Freeze (safe; 4% risk of failure)
Confirm with . or Enter, or press ? or * to list all spells.
Aiming: Freeze (safe; 4% risk of failure)
Press: ? - help, Shift-Dir - straight line, f/p - troll
Aim: a troll (severely wounded)
You freeze the troll.
The troll is almost dead.
The troll bites you.
You die...

#..# .. ##.## #. #..
#..# #.. #..### ##.##
###... ##..#..###
#..##....#.
.........#####.........
##.
...........#...........
#....
............###........
##...... .......@....#
#........ <.......
....$..T....# #........
........ ...<........#
#........ #.......
............# ##.......
....... ............#
....... #......
.....[......# ....###
#..... .............
##.## #....
.............# .. #...


You could see a troll.

Vanquished Creatures
  Sigmund (D:3)
  A crocodile (Sewer)
  A scorpion (D:4)
  3 orc priests
  An iguana (D:3)
  Ijyb (D:3)
  Natasha (twice) (D:3)
  A worker ant (D:4)
  3 adders
  3 oozes
  4 worms (D:2)
  5 dart slugs
  4 leopard geckos
  12 orcs
  2 ball pythons (D:3)
  9 giant cockroaches
  12 goblins
  7 hobgoblins
  A quokka (D:3)
  13 bats
  7 frilled lizards
  14 kobolds
  8 rats
115 creatures vanquished.

Notes
Turn   | Place    | Note
-------+----------+-------------------------------------------
     0 | D:1      | Reached skill level 9 in Spellcasting
     0 | D:1      | Gorice the Gnoll Wanderer began the quest for the Orb.
     0 | D:1      | Gorice set off with: a scroll of teleportation {!r}, a +0
                  | robe, a +0 dagger, a ration
     0 | D:1      | Reached XP level 1. HP: 13/13 MP: 10/10
     2 | D:1      | Learned a level 1 spell: Freeze
   105 | D:1      | Reached skill level 2 in Summonings
   105 | D:1      | Reached skill level 2 in Fire Magic
   125 | D:1      | Reached XP level 2. HP: 15/19 MP: 7/12
   612 | D:1      | Reached XP level 3. HP: 24/25 MP: 10/13
   982 | D:1      | Reached skill level 1 in Invocations
  1133 | D:2      | HP: 7/25 [worm (9)]
  1388 | D:2      | Reached skill level 1 in Fighting
  1388 | D:2      | Reached skill level 1 in Short Blades
  1388 | D:2      | Reached skill level 1 in Long Blades
  1388 | D:2      | Reached skill level 1 in Axes
  1388 | D:2      | Reached skill level 1 in Maces & Flails
  1388 | D:2      | Reached skill level 1 in Polearms
  1388 | D:2      | Reached skill level 1 in Staves
  1388 | D:2      | Reached skill level 1 in Slings
  1388 | D:2      | Reached skill level 1 in Bows
  1388 | D:2      | Reached skill level 1 in Crossbows
  1388 | D:2      | Reached skill level 1 in Throwing
  1388 | D:2      | Reached skill level 1 in Armour
  1388 | D:2      | Reached skill level 1 in Dodging
  1388 | D:2      | Reached skill level 1 in Unarmed Combat
  1388 | D:2      | Reached skill level 1 in Evocations
  1432 | D:2      | Learned a level 2 spell: Blink
  1434 | D:2      | Learned a level 1 spell: Magic Dart
  1457 | D:2      | Reached XP level 4. HP: 32/32 MP: 3/15
  1995 | D:2      | Reached skill level 1 in Conjurations
  1995 | D:2      | Reached skill level 1 in Hexes
  1995 | D:2      | Reached skill level 1 in Charms
  1995 | D:2      | Reached skill level 1 in Necromancy
  1995 | D:2      | Reached skill level 1 in Translocations
  1995 | D:2      | Reached skill level 1 in Transmutations
  1995 | D:2      | Reached skill level 1 in Ice Magic
  1995 | D:2      | Reached skill level 1 in Air Magic
  1995 | D:2      | Reached skill level 1 in Earth Magic
  2476 | D:2      | Reached XP level 5. HP: 28/37 MP: 13/16
  2530 | D:3      | HP: 11/37 [iguana (5)]
  2542 | D:3      | Found a glowing drain.
  2547 | D:3      | HP: 10/37 [giant cockroach (1)]
  2605 | D:3      | HP: 11/37 [giant cockroach (1)]
  2653 | Sewer    | Entered a sewer
  2663 | Sewer    | Reached skill level 3 in Shields
  2846 | Sewer    | Noticed a crocodile
  2858 | Sewer    | Killed a crocodile
  2858 | Sewer    | Reached skill level 4 in Poison Magic
  2858 | Sewer    | Reached XP level 6. HP: 38/44 MP: 5/18
  2960 | D:3      | Reached skill level 2 in Invocations
  3006 | D:2      | Reached skill level 3 in Stealth
  3456 | D:3      | Found a shattered altar of Ashenzari.
  3456 | D:3      | Found a white marble altar of Elyvilon.
  3473 | D:3      | Noticed Natasha
  3480 | D:3      | Killed Natasha
  3480 | D:3      | Reached skill level 2 in Fighting
  3480 | D:3      | Reached skill level 2 in Short Blades
  3480 | D:3      | Reached skill level 2 in Long Blades
  3480 | D:3      | Reached skill level 2 in Axes
  3480 | D:3      | Reached skill level 2 in Maces & Flails
  3480 | D:3      | Reached skill level 2 in Polearms
  3480 | D:3      | Reached skill level 2 in Staves
  3480 | D:3      | Reached skill level 2 in Slings
  3480 | D:3      | Reached skill level 2 in Bows
  3480 | D:3      | Reached skill level 2 in Crossbows
  3480 | D:3      | Reached skill level 2 in Throwing
  3480 | D:3      | Reached skill level 2 in Armour
  3480 | D:3      | Reached skill level 2 in Dodging
  3480 | D:3      | Reached skill level 2 in Unarmed Combat
  3480 | D:3      | Reached skill level 2 in Evocations
  3492 | D:3      | Found an ornate altar of the Wu Jian Council.
  3531 | D:3      | Noticed Sigmund
  3548 | D:3      | Killed Sigmund
  3548 | D:3      | Reached XP level 7. HP: 32/50 MP: 11/20
  3707 | D:3      | Noticed Ijyb
  3711 | D:3      | HP: 12/50 [disintegration (5)]
  3717 | D:3      | Killed Ijyb
  4026 | D:3      | Noticed Natasha
  4140 | D:3      | Killed Natasha
  4140 | D:3      | Reached skill level 2 in Conjurations
  4140 | D:3      | Reached skill level 2 in Hexes
  4140 | D:3      | Reached skill level 2 in Charms
  4140 | D:3      | Reached skill level 2 in Necromancy
  4140 | D:3      | Reached skill level 2 in Translocations
  4140 | D:3      | Reached skill level 2 in Transmutations
  4140 | D:3      | Reached skill level 2 in Ice Magic
  4140 | D:3      | Reached skill level 2 in Air Magic
  4140 | D:3      | Reached skill level 2 in Earth Magic
  4325 | D:4      | Found a sparkling altar of Nemelex Xobeh.
  4352 | D:4      | Reached skill level 3 in Summonings
  4352 | D:4      | Reached skill level 3 in Fire Magic
  4466 | D:4      | Noticed a troll
  4477 | D:4      | HP: 5/51 [troll (14)]
  4479 | D:4      | HP: 1/51 [troll (3)]
  4480 | D:4      | Slain by a troll

Vault maps used:
D:1:      nagdon_arrival_double_spiral, interstate_on_off,
          minmay_misc_feat_encased
D:2:      first_ration, minmay_pentomino_v2
D:3:      gammafunk_temple_overflow_forgotten, portal_sewer_entry_f,
          uniq_natasha, uniq_sigmund, uniq_ijyb
D:4:      kiku_gazebo_pond_becter, kennysheep_little_box, serial_shops, shop,
          minmay_fire_ice_demons
Sewer:    sewer_big_baddie

Skill      XL: |  1  2  3  4  5  6  7 |
---------------+----------------------+-----
Spellcasting   | |  9.6
Summonings     | 2 3 |  3.0
Fire Magic     | 2 3 |  3.0
Invocations    | 1 2 |  2.8
Fighting       | 1 2 |  2.5
Short Blades   | 1 2 |  2.5
Long Blades    | 1 2 |  2.5
Axes           | 1 2 |  2.5
Maces & Flails | 1 2 |  2.5
Polearms       | 1 2 |  2.5
Staves         | 1 2 |  2.5
Slings         | 1 2 |  2.5
Bows           | 1 2 |  2.5
Crossbows      | 1 2 |  2.5
Throwing       | 1 2 |  2.5
Armour         | 1 2 |  2.5
Dodging        | 1 2 |  2.5
Unarmed Combat | 1 2 |  2.5
Evocations     | 1 2 |  2.5
Conjurations   | 1 2 |  2.0
Hexes          | 1 2 |  2.0
Charms         | 1 2 |  2.0
Necromancy     | 1 2 |  2.0
Translocations | 1 2 |  2.0
Transmutations | 1 2 |  2.0
Ice Magic      | 1 2 |  2.0
Air Magic      | 1 2 |  2.0
Earth Magic    | 1 2 |  2.0
Shields        | 3 |  3.6
Poison Magic   | 4 |  4.3
Stealth        | 3 |  3.5

Action                   |  1- 3 |  4- 6 |  7- 9 || total
-------------------------+-------+-------+-------++-------
Melee: Short sword       |     2 |       |       ||     2
       Whip              |     7 |    52 |    23 ||    82
       Bite              |     1 |     7 |     5 ||    13
       Punch             |       |     1 |       ||     1
Throw: Stone             |     4 |       |       ||     4
 Cast: Freeze            |    68 |    86 |    36 ||   190
       Magic Dart        |     8 |    46 |    11 ||    65
  Use: Scroll            |     1 |     2 |     3 ||     6
 Stab: Sleeping          |     3 |     5 |       ||     8
  Eat: Chunk             |     2 |     6 |     3 ||    11
Armor: Robe              |     7 |     2 |    15 ||    24
       Ring mail         |       |    31 |       ||    31
Dodge: Dodged            |    33 |    72 |    35 ||   140

Table legend:
 A = Non-vault XP
 B = Vault XP
 C = Vault XP percentage of total XP
 D = Non-vault monster count
 E = Vault monster count
 F = Vault count percentage of total count
                 A         B        C        D         E       F
            +---------+---------+-------+---------+---------+-------
      Total |     537 |     413 |  43.5 |     100 |      15 |  13.0
            +---------+---------+-------+---------+---------+-------
        D:1 |      62 |       0 |   0.0 |      30 |       0 |   0.0
        D:2 |     142 |       7 |   4.7 |      33 |       1 |   2.9
        D:3 |     222 |     292 |  56.8 |      32 |       8 |  20.0
        D:4 |     111 |       0 |   0.0 |       5 |       0 |   0.0
      Sewer |       0 |     114 | 100.0 |       0 |       6 | 100.0
            +---------+---------+-------+---------+---------+-------

Table legend:
 A = Turns spent in this place as a percentage of turns spent in the entire game.
 B = Non-inter-level travel turns spent in this place as a percentage of non-inter-level travel turns spent in the entire game.
 C = Inter-level travel turns spent in this place as a percentage of turns spent in this place.
 D = Turns resting spent in this place as a percentage of non-inter-level travel turns spent in this place.
 E = Turns spent auto-exploring this place as a percentage of non-inter-level travel turns spent in this place.
 F = Non-inter-level travel turns spent in this place divided by the number of levels of this place that you've seen.
                   A       B       C       D       E      F
               +-------+-------+-------+-------+-------+----------------------
         Total | 100.0 | 100.0 |   1.4 |  46.8 |  19.4 | 883.8
       Dungeon |  93.7 |  93.6 |   1.5 |  45.9 |  20.7 | 1033.8
         Sewer |   6.3 |   6.4 |   0.0 |  59.2 |   0.0 | 284.0
               +-------+-------+-------+-------+-------+----------------------

Vault maps used:
D:1:      nagdon_arrival_double_spiral, interstate_on_off,
          minmay_misc_feat_encased
D:2:      first_ration, minmay_pentomino_v2
D:3:      gammafunk_temple_overflow_forgotten, portal_sewer_entry_f,
          uniq_natasha, uniq_sigmund, uniq_ijyb
D:4:      kiku_gazebo_pond_becter, kennysheep_little_box, serial_shops, shop,
          minmay_fire_ice_demons
Sewer:    sewer_big_baddie
